 Dungeon Crawl Stone Soup version 0.30.1-9-gdf580d7c3d (webtiles) character file.

Game seed: 15638528140977090471

304 pop123321pop the Cutter (level 6, -2/47 HPs)
             Began as a Human Fighter on Sept 30, 2023.
             Slain by an iguana (12 damage)
             ... on level 4 of the Dungeon.
             The game lasted 00:04:45 (3792 turns).

pop123321pop the Cutter (Human Fighter)             Turns: 3792, Time: 00:04:46

Health: -2/47      AC:  6    Str: 16    XL:     6   Next: 66%
Magic:  6/6        EV:  9    Int:  9    God:
Gold:   230        SH:  5    Dex: 14    Spells: 5/5 levels left

rFire   . . .        a - +0 rapier
rCold   . . .        c - +0 buckler
rNeg    . . .        p - +3 ring mail
rPois   .            s - +0 helmet
rElec   .            (no cloak)
rCorr   .            (no gloves)
SInv    .            o - +0 pair of boots
Will    .....        (no amulet)
Stlth   +            (no ring)
HPRegen 0.27/turn    (no ring)
MPRegen 0.10/turn

%: no passive effects
@: corroded
A: no striking features
a: no special abilities


You were on level 4 of the Dungeon.
You visited 1 branch of the dungeon, and saw 5 of its levels.

You collected 230 gold pieces.

Inventory:

Hand Weapons
 a - a +0 rapier (weapon)
Armour
 c - a +0 buckler (worn)
 o - a +0 pair of boots (worn)
 p - a +3 ring mail (worn)
 s - a +0 helmet (worn)
Jewellery
 r - a ring of fire
 w - a ring of flight
Wands
 x - a wand of digging (6)
Scrolls
 d - a scroll of butterflies
 g - a scroll of vulnerability
 h - a scroll of acquirement
 i - 2 scrolls of silence
 j - a scroll of magic mapping {unknown}
 k - 2 scrolls of poison
 l - a scroll of teleportation {unknown}
 m - a scroll of blinking {unknown}
 t - a scroll of enchant weapon
Potions
 b - a potion of might
 f - a potion of brilliance {unknown}
 n - a potion of flight {unknown}
 q - a potion of haste {unknown}
 u - a potion of berserk rage {unknown}
 v - a potion of resistance {unknown}


   Skills:
 - Level 3.0 Fighting
 + Level 6.5 Short Blades
 - Level 3.0 Armour
 - Level 3.0 Shields


You had 5 spell levels left.
You didn't know any spells.
Your spell library contained the following spells:

 Spells                   Type           Power      Damage    Failure   Level
 Blink                    Tloc           0%         N/A       83%         2
 Ensorcelled Hibernation  Hex/Ice        0%         N/A       83%         2
 Ozocubu's Armour         Ice            0%         N/A       96%         3
 Portal Projectile        Hex/Tloc       0%         N/A       96%         3
 Spider Form              Tmut/Pois      0%         N/A       96%         3
 Tukima's Dance           Hex            0%         N/A       96%         3
 Anguish                  Hex/Necr       0%         N/A       100%        4
 Manifold Assault         Tloc           0%         N/A       100%        4
 Blade Hands              Tmut           0%         N/A       100%        5
 Metabolic Englaciation   Hex/Ice        0%         N/A       100%        5
 Simulacrum               Ice/Necr       0%         N/A       100%        6
 Storm Form               Tmut/Air       0%         N/A       100%        7


Dungeon Overview and Level Annotations

Branches:
Dungeon (5/15)
 Temple: D:4-7

Altars:
Cheibriados
Xom

Annotations:
D:5 Ijyb


Message History

Unknown command.
Unknown command.
There are monsters nearby!
You are too injured to fight recklessly!
Unknown command.
There are monsters nearby!
You are too injured to fight recklessly!
The iguana attacks as you move away! The iguana bites you.
There is a stone staircase leading up here.
The iguana barely misses you.
You climb upwards.
Reactivating autopickup.
There is a stone staircase leading down here.
You are too injured to fight recklessly!
Unknown command.
You are too injured to fight recklessly!
Unknown command.
Unknown command.
You are too injured to fight recklessly!
An iguana is nearby!
Unknown command.
An iguana is nearby!
You are too injured to fight recklessly!
You closely miss the iguana.
The iguana is moderately wounded.
The iguana closely misses you.
You hit the iguana but do no damage.
The iguana is moderately wounded.
The iguana bites you.
You hit the iguana but do no damage.
The iguana is moderately wounded.
The iguana bites you!
* * * LOW HITPOINT WARNING * * *
You closely miss the iguana.
The iguana is moderately wounded.
The iguana bites you but does no damage.
You hit the iguana but do no damage.
The iguana is moderately wounded.
The iguana bites you!
You die...

...# #.#### ...#
#....###### ...#
####......### ...##
#........### ##..##
##.....#...## ###..##
#.#######..#
...#..########.....##.#
.#.....<...##......[#)#
.####......#....@.....#
## #......#.♣...l.♣).#
#......#..........#
#......#...♣.♣....#
#...<..#.........##
#......#.♣.....♣.#
#......#....<....#
#......##.......##
##########.....##


You could see an iguana.

Vanquished Creatures
  A phantom (D:4)
  A jelly (D:4)
  An orc priest (D:4)
  A sleepcap (D:4)
  A gnoll (D:1)
  6 adders
  An ufetubus (D:4)
  A dart slug (D:4)
  5 orcs
  5 ball pythons
  10 endoplasms
  2 giant cockroaches
  11 goblins
  2 hobgoblins
  5 jackals
  2 quokkas
  4 bats
  5 frilled lizards
  3 kobolds
  4 rats
71 creatures vanquished.

Notes
Turn   | Place    | Note
-------+----------+-------------------------------------------
     0 | D:1      | pop123321pop the Human Fighter began the quest for the Orb.
     0 | D:1      | Reached XP level 1. HP: 18/18 MP: 1/1
   282 | D:1      | Reached XP level 2. HP: 21/24 MP: 2/2
   357 | D:1      | Reached skill level 3 in Short Blades
   580 | D:1      | Reached XP level 3. HP: 26/29 MP: 3/3
  1397 | D:2      | Found a snail-covered altar of Cheibriados.
  1545 | D:2      | Reached skill level 4 in Short Blades
  1545 | D:2      | Reached XP level 4. HP: 21/35 MP: 4/4
  2412 | D:3      | Found a shimmering altar of Xom.
  2414 | D:3      | Found a shimmering altar of Xom.
  2414 | D:3      | Found a shimmering altar of Xom.
  2415 | D:3      | Found a shimmering altar of Xom.
  2416 | D:3      | Found a shimmering altar of Xom.
  2416 | D:3      | Found a shimmering altar of Xom.
  2438 | D:3      | Found a shimmering altar of Xom.
  2806 | D:3      | Found a faded altar of an unknown god.
  2847 | D:3      | Reached XP level 5. HP: 41/41 MP: 5/5
  3208 | D:4      | Reached skill level 5 in Short Blades
  3286 | D:4      | Noticed a phantom
  3311 | D:4      | Killed a phantom
  3312 | D:4      | Reached XP level 6. HP: 36/47 MP: 6/6
  3385 | D:4      | Reached skill level 6 in Short Blades
  3769 | D:4      | Identified a scroll of acquirement
  3776 | D:5      | Entered Level 5 of the Dungeon
  3778 | D:5      | Noticed Ijyb
  3792 | D:4      | Slain by an iguana

Illustrated notes

Levels and vault maps discovered:
D:1:      evilmike_arrival_plus, layout_loops_ring
D:2:      layout_basic, basic_altar, serial_curves, eino_curves_04,
          eino_curves_01, eino_curves_02, eino_curves_02
D:3:      layout_basic, nicolae_xom_altar_mimics,
          hellmonk_ecumenical_altar_pennies_from_heaven
D:4:      kennysheep_spiral_hall, layout_rooms, grunt_ministairs_10
D:5:      layout_cave_pools, nicolae_gozag_zags_fifth_avenue, uniq_ijyb

Skill      XL: |  1  2  3  4  5  6 |
---------------+-------------------+-----
Short Blades   | 3 4 5 6 |  6.5
Fighting       | |  3.0
Armour         | |  3.0
Shields        | |  3.0

Action                     |  1- 3 |  4- 6 || total
---------------------------+-------+-------++-------
  Melee: Rapier            |    98 |   230 ||   328
    Use: Potion            |       |     1 ||     1
         Scroll            |       |     6 ||     6
 Armour: Scale mail        |    50 |    27 ||    77
         Ring mail         |       |   124 ||   124
  Dodge: Dodged            |    33 |   110 ||   143
  Block: Buckler           |    29 |    63 ||    92
